cohdb
Replays
Latest Replays
All Replays
Popular Replays
Top Player Replays
Match Explorer
How It Works
Community
CoH3 Stats
Reddit
Sign in to upload your games and track your stats! →
Sign in with Steam
Match 40421518
Unlisted
Match 40421518
Overview
Messages
Build Orders
End
Royal Engineer Section
Construct Section Command Post
Selects Canadian Shock Battlegroup
Dingo Light Scout Car
Vickers Machine Gun Team
Selects Attacking Spirit
Selects Canadian Shock Section
Construct Platoon Command Post
Unlock Bishop Self-propelled Artillery
6-pounder Anti-tank Gun Team
Bishop Self-propelled Artillery
Canadian Shock Section
Selects Incendiary Munitions
Canadian Shock Section
Bishop Self-propelled Artillery
Light Vehicle Training
Selects Pyrotechnics
Canadian Shock Section
Selects Point Assault
Point Assault
6-pounder Anti-tank Gun Team
6-pounder Anti-tank Gun Team
Point Assault
Royal Engineer Section
BloodSpark
HURON
Cons01
HJT95
一千個妓女的兒子
Adelfos88
rmsi
NachoMz_HQ YT
0
0
Comments
sign in to comment!
No comments posted yet!